 Dungeon Crawl Stone Soup version 0.27.1-33-g824d729ab1 (webtiles) character file.

Game seed: 12087163809003630227

423784 sking99 the Wrestler (level 22, 0/231 HPs)
             Began as a Troll Monk on Dec 9, 2021.
             Was a High Priest of Wu Jian.
             Slain by a shadow dragon (7 damage)
             ... on level 5 of the Vaults on Dec 10, 2021.
             The game lasted 02:19:31 (37771 turns).

sking99 the Wrestler (Troll Monk)                  Turns: 37771, Time: 02:19:33

Health: 0/231      AC: 20    Str: 32    XL:     22   Next: 70%
Magic:  30/30      EV: 20    Int:  6    God:    Wu Jian [*****.]
Gold:   3336       SH: 32    Dex: 14    Spells: 15/21 levels left

rFire    + + +     SeeInvis .     - Unarmed
rCold    + + .     Faith    .   Z - +5 tower shield {rC+ rF+}
rNeg     . . .     Spirit   .   k - +4 fire dragon scales {Xtahua}
rPois    .         Reflect  +   B - +2 hat of Paiptoseyr {Dex+2 Slay+3}
rElec    +         Harm     .   P - +0 cloak of the Gate {rElec MP+9}
rCorr    .         Rampage  .   (gloves unavailable)
Will     +....                  (boots unavailable)
Stlth    ..........             f - amulet of reflection
HPRegen  1.48/turn              L - ring of protection from cold
MPRegen  0.22/turn              A - ring of protection from cold

@: about to teleport, marked, in a heavenly storm, glowing, constricted,
serpent's lash
A: large, unfitting armour, claws 3, regeneration 1, shaggy fur 1, tough skin 1,
fire resistance 1, sense surroundings 1, screaming 1, wild magic 2
}: 2/15 runes: barnacled, gossamer
a: Renounce Religion, Wall Jump, Serpent's Lash, Heavenly Storm


You were on level 5 of the Vaults.
You worshipped Wu Jian.
Wu Jian was extremely pleased with you.
You visited 9 branches of the dungeon, and saw 40 of its levels.
You visited the Abyss 2 times.
You visited 1 bazaar.
You also visited: Gauntlet and Ice Cave.

You collected 4023 gold pieces.
You spent 687 gold pieces at shops.

Inventory:

Missiles
 c - 35 silver javelins
 l - 70 large rocks (quivered)
 Y - 7 throwing nets
Armour
 k - +4 fire dragon scales (worn) {Xtahua}
 B - the +2 hat of Paiptoseyr (worn) {Dex+2 Slay+3}
   (You found it in a Gauntlet)

   Dex:       It affects your dexterity (+2).
   Slay:      It affects your accuracy & damage with ranged weapons and melee
   (+3).
 P - the +0 cloak of the Gate (worn) {rElec MP+9}
   (You bought it in a shop in a bazaar)

   rElec:     It insulates you from electricity.
   MP:        It affects your magic capacity (+9).
 Z - a +5 tower shield of resistance (worn)
Jewellery
 f - an amulet of reflection (around neck)
 o - a ring of resist corrosion
 x - a ring of positive energy
 A - a ring of protection from cold (right claw)
 E - a ring of poison resistance
 L - a ring of protection from cold (left claw)
 N - a ring of protection from fire
 U - a ring of see invisible
Wands
 h - a wand of acid (32)
 i - a wand of flame (115)
 q - a wand of polymorph (65)
 t - a wand of iceblast (70)
 w - a wand of mindburst (28)
 y - a wand of paralysis (52)
 D - a wand of digging (24)
 M - a wand of charming (18)
Scrolls
 e - 5 scrolls of enchant weapon
 j - 7 scrolls of blinking
 n - 5 scrolls of fear
 p - 3 scrolls of fog
 v - a scroll of holy word
 z - 17 scrolls of identify
 H - 7 scrolls of teleportation
 J - 3 scrolls of enchant armour
 K - 3 scrolls of magic mapping
 Q - 3 scrolls of vulnerability
 S - a scroll of brand weapon
 T - 2 scrolls of amnesia
Potions
 a - 8 potions of lignification
 b - a potion of cancellation
 d - 6 potions of brilliance
 g - 19 potions of curing
 m - 8 potions of heal wounds
 u - 2 potions of haste
 G - 3 potions of magic
 O - 3 potions of ambrosia
 R - 2 potions of invisibility
 W - 4 potions of attraction
 X - a potion of flight
Miscellaneous
 r - a piece from Xom's chessboard (15/15)
 C - a box of beasts


   Skills:
 + Level 16.3 Fighting
 - Level 9.0 Throwing
 + Level 8.4 Armour
 + Level 4.7 Dodging
 - Level 1.0 Stealth
 - Level 15.0 Shields
 + Level 22.4 Unarmed Combat
 - Level 9.4 Transmutations
 - Level 11.0 Earth Magic


You had 15 spell levels left.
You knew the following spells:

 Your Spells              Type           Power      Damage    Failure   Level
a - Statue Form           Tmut/Erth      12%        N/A       98%         6

Your spell library contained the following spells:

 Spells                   Type           Power      Damage    Failure   Level
 Sandblast                Erth           42%        2d11      4%          1
 Wereblood                Tmut           18%        N/A       9%          2
 Stone Arrow              Conj/Erth      20%        3d8       50%         3
 Blade Hands              Tmut           9%         N/A       69%         5
 Ignite Poison            Fire/Tmut/Pois 6%         N/A       80%         3
 Animate Armour           Summ/Erth      20%        N/A       85%         4
 Leda's Liquefaction      Hex/Erth       5%         N/A       85%         4
 Corpse Rot               Necr/Air       N/A        N/A       92%         2
 Poisonous Vapours        Pois/Air       0%         N/A       92%         2
 Sublimation of Blood     Necr           0%         N/A       92%         2
 Call Canine Familiar     Summ           0%         N/A       99%         3
 Conjure Flame            Conj/Fire      0%         6-21      99%         3
 Dazzling Flash           Conj/Hex       0%         N/A       99%         3
 Portal Projectile        Hex/Tloc       0%         N/A       99%         3
 Borgnjor's Vile Clutch   Necr/Erth      5%         N/A       99%         5
 Irradiate                Conj/Tmut      4%         3d15      99%         5
 Animate Dead             Necr           0%         N/A       100%        4
 Cause Fear               Hex            0%         N/A       100%        4
 Iskenderun's Mystic Bla  Conj/Tloc      0%         2d3       100%        4
 Passage of Golubria      Tloc           N/A        N/A       100%        4
 Sticky Flame             Conj/Fire      0%         2d3       100%        4
 Bolt of Magma            Conj/Fire/Erth 3%         4d5       100%        5
 Fireball                 Conj/Fire      0%         3d3       100%        5
 Freezing Cloud           Conj/Ice/Air   0%         6-21      100%        5
 Iskenderun's Battlesphe  Conj           0%         2d6       100%        5
 Silence                  Hex/Air        0%         N/A       100%        5
 Summon Forest            Summ/Tloc      0%         N/A       100%        5
 Summon Mana Viper        Hex/Summ       0%         N/A       100%        5
 Conjure Ball Lightning   Conj/Air       0%         3x3d6     100%        6
 Shadow Creatures         Summ           N/A        N/A       100%        6
 Starburst                Conj/Fire      0%         6d3       100%        6
 Dragon Form              Tmut           9%         N/A       100%        7
 Haunt                    Necr/Summ      0%         N/A       100%        7
 Orb of Destruction       Conj           0%         N/A       100%        7
 Summon Hydra             Summ           0%         N/A       100%        7
 Infestation              Necr           0%         N/A       100%        8
 Lehudib's Crystal Spear  Conj/Erth      5%         10d3      100%        8
 Dragon's Call            Summ           0%         N/A       100%        9


Dungeon Overview and Level Annotations

Branches:
Dungeon (15/15)            Temple (1/1) D:4            Lair (6/6) D:10
 Shoals (4/4) Lair:3       Spider (4/4) Lair:2        Slime (0/5) Lair:5
    Orc (2/2) D:9             Elf (2/3) Orc:2        Vaults (5/5) D:14
  Crypt (0/3) Vaults:3     Depths (1/5) D:15          IceCv (visited)
Gauntlet (visited)

Altars:
Cheibriados
Dithmenos
Elyvilon
Fedhas
Gozag
Hepliaklqana
Kikubaaqudgha
Makhleb
Nemelex Xobeh
Okawaru
Qazlal
Ru
Sif Muna
Trog
Uskayaw
Vehumet
Wu Jian
Xom
Zin
The Shining One
Jiyva

Shops:
D:4 *   D:5 (   D:8 *?   Orc:2 ?=[(   Shoals:1 *   Vaults:2 :

Annotations:
D:10 2 runed translucent doors, madmanarnold's ghost, journeyman FoFi
Lair:1 2 transporters
Lair:6 2 transporters, sking99's ghost, journeyman TrMo


Innate Abilities, Weirdness & Mutations

You are too large for most types of armour.
You have claws for hands.
Your natural rate of healing is unusually fast.
You are covered in fur. (AC +1)
You have tough skin. (AC +1)
Your flesh is heat resistant. (rF+)
You passively map a small area around you.
You occasionally shout uncontrollably at your foes.
Your spells are harder to cast, but more powerful.


Message History

* * * LOW HITPOINT WARNING * * *
You block the tentacled monstrosity's attack. x2
The tentacled monstrosity grabs you.
The tentacled monstrosity constricts you.
* * * LOW HITPOINT WARNING * * *
The orc knight misses you. The shadow dragon misses you.
You block the shadow dragon's attack.
The shadow dragon claws you but does no damage.
The deep troll bites you!
* * * LOW HITPOINT WARNING * * *
You block the deep troll's attack. x2
Your muscles tense, ready for explosive movement...
The tentacled monstrosity's grasp on you weakens, but your attempt to escape fails.
A tengu reaver comes into view.
It is wielding a +4 great mace of protection.
The tentacled monstrosity misses you.
You block the tentacled monstrosity's attack.
The tentacled monstrosity misses you.
The tentacled monstrosity constricts you.
* * * LOW HITPOINT WARNING * * *
You block the orc knight's attack. You block the shadow dragon's attack.
The shadow dragon closely misses you.
The shadow dragon claws you but does no damage.
An orc sorcerer comes into view. It is wielding a +0 dagger.
You block the deep troll's attack. The deep troll completely misses you.
You block the deep troll's attack. The warg bites you.
* * * LOW HITPOINT WARNING * * *
You eviscerate the tentacled monstrosity!!!
The tentacled monstrosity is almost dead.
The tentacled monstrosity misses you.
You block the tentacled monstrosity's attack.
The tentacled monstrosity tentacle-slaps you but does no damage.
The tentacled monstrosity constricts you.
The iron dragon bites you but does no damage.
The iron dragon misses you. You block the iron dragon's attack.
A golden dragon comes into view.
The orc knight hits you with a +3 great sword of electrocution!
* * * LOW HITPOINT WARNING * * *
The shadow dragon misses you. You block the shadow dragon's attack.
The shadow dragon claws you!
You die...

, * .##..# *
, * #.#..# ,
..#..# * * ,
, #.#..# * ,*
,.....# * *
########D☼§§#
, ,
L..h.☼hDQ§☼§#
.....oo@☼☼§§#
,
.o...§TDX☼§§#
,
.....☼§T☼§§§#
*
####.#§#°°☼.#
.....§○§☼.# ,
....####.#..#
..# * ,TXT..#
.# T.#o.# , *
,..#,.#


You could see a shadow dragon, a tentacled monstrosity, an iron dragon, a golden
dragon, a tengu reaver, an orc knight, 2 deep trolls, a warg and an orc sorcerer
(strong).

Vanquished Creatures
  A dread lich (Vaults:5)
  Mara (Vaults:4)
  Xtahua (Vaults:4)
  Nikola (Shoals:2)
  Arachne (Spider:4)
  Jorgrun (Elf:1)
  An Ice Fiend (IceCv)
  2 liches
  A titan (Vaults:5)
  A quicksilver dragon (Vaults:5)
  Gastronok (D:12)
  2 sphinxes
  A sphinx (shapeshifter) (Vaults:2)
  2 krakens
  Polyphemus (Shoals:2)
  Agnes (Spider:1)
  A tentacled starspawn (Abyss:3)
  Ilsuiw (Shoals:2)
  Donald (Spider:3)
  2 tengu reavers
  An azure jelly (Shoals:1)
  2 fire giants
  2 shadow dragons (Vaults:5)
  Roxanne (Shoals:1)
  3 frost giants
  2 deep elf sorcerers
  2 ghost moths
  Aizul (Spider:3)
  4 emperor scorpions
  12 vault wardens
  A ghoul (Vaults:3)
  An orc warlord (Vaults:2)
  14 ironbound preservers
  A quicksilver ooze (shapeshifter) (Vaults:3)
  13 very ugly things
  A dire elephant (D:15)
  5 entropy weavers
  A spark wasp (Spider:4)
  A minotaur (Gauntlet)
  2 deep elf death magi
  6 merfolk impalers
  6 merfolk javelineers
  3 crystal guardians (Vaults:4)
  2 ironbound thunderhulks
  9 hydras
  17 yaktaur captains
  5 great orbs of eyes
  Erolcha (D:10)
  26 vault guards
  2 peacekeepers (Vaults:4)
  7 boulder beetles
  A catoblepas (Shoals:2)
  6 ogre magi
  4 merfolk avatars
  An alligator snapping turtle (Shoals:4)
  6 centaur warriors
  35 dancing weapons
  8 ironbound frosthearts
  4 satyrs
  An anaconda (shapeshifter) (Elf:2)
  27 two-headed ogres
  3 merfolk aquamancers
  2 tengu warriors (D:13)
  12 death yaks
  A deep troll earth mage (Vaults:5)
  An ironbound beastmaster (Vaults:4)
  10 deep elf knights
  9 skeletal warriors
  A sixfirhy (Gauntlet)
  A flayed ghost (Vaults:3)
  A glowing orange brain (Abyss:2)
  23 deep trolls
  17 sea snakes
  An obsidian statue (IceCv)
  19 ironbound convokers
  4 deep elf archers
  2 lindwurms
  11 wizards
  A phantasmal warrior (Vaults:3)
  A bog body (IceCv)
  6 orc knights
  32 deep elf pyromancers
  30 harpies
  A necromancer (Vaults:3)
  17 orb spiders
  23 deep elf zephyrmancers
  2 orc sorcerers
  28 wolf spiders
  3 moths of wrath (Spider:4)
  11 cyclopes
  2 worldbinders (Abyss:3)
  42 ugly things
  A salamander (D:15)
  22 vault sentinels
  An oklob plant (Lair:2)
  5 fauns (Shoals:3)
  10 merfolk sirens
  10 manticores
  A smoke demon (Abyss:1)
  22 elephants
  A black mamba (Lair:6)
  5 water nymphs
  5 torpor snails
  10 cane toads
  An orange demon (Abyss:2)
  An unseen horror (D:12)
  3 gargoyles (D:11)
  4 rime drakes
  2 tengu conjurers (D:15)
  14 demonic crawlers
  10 freezing wraiths
  43 yaktaurs
  12 komodo dragons
  An anaconda simulacrum (IceCv)
  5 efreet
  2 entropy weaver simulacra (IceCv)
  3 ice devils (IceCv)
  29 merfolk
  9 trolls
  5 wind drakes
  52 jumping spiders
  13 slime creatures
  11 hornets
  3 polar bears
  10 blink frogs
  A raiju (Gauntlet)
  2 meliai zombies (D:11)
  12 snapping turtles
  6 dream sheep
  116 redbacks
  3 shadows
  A vampire (D:12)
  35 tarantellas
  3 wyverns
  Eustachio (D:4)
  A flying skull (Vaults:3)
  A redback (shapeshifter) (Vaults:1)
  45 yaks
  A spriggan simulacrum (IceCv)
  6 air elementals
  11 spriggans (Lair:6)
  2 wraiths (D:11)
  2 large abominations
  20 water elementals
  2 steam dragons
  7 basilisks
  2 minotaur simulacra (IceCv)
  2 neqoxecs
  7 fire elementals
  15 vampire mosquitoes
  Edmund (D:4)
  2 wargs
  A naga (shapeshifter) (D:11)
  5 acid dragons
  A harpy simulacrum (IceCv)
  15 water moccasins
  A sky beast (D:7)
  9 orc warriors
  10 ice beasts
  7 black bears
  2 necrophages
  2 alligator simulacra (IceCv)
  An ettin simulacrum (IceCv)
  33 wolves
  24 ogres
  5 boggarts (Lair:6)
  7 centaurs
  A phantom (D:6)
  2 kobold brigands
  7 bullfrogs
  A wyvern zombie (D:8)
  7 earth elementals (Elf:2)
  5 deep troll simulacra (IceCv)
  A water moccasin zombie (D:6)
  2 scorpions
  A water moccasin skeleton (D:6)
  2 lindwurm simulacra (IceCv)
  5 killer bees (D:10)
  4 howler monkeys
  5 wights (D:7)
  10 electric eels
  5 crimson imps (Abyss:2)
  6 centaur zombies
  2 hounds (D:5)
  A centaur skeleton (D:7)
  6 orc priests
  2 jellies (D:4)
  2 bullfrog skeletons (D:6)
  7 iguanas
  Terence (D:2)
  20 orc wizards
  Ijyb (D:3)
  A killer bee zombie (D:6)
  Robin (D:3)
  3 howler monkey zombies
  14 gnolls
  5 adders
  2 shadow imps
  6 white imps
  4 ufetubi
  An adder skeleton (D:3)
  4 worms
  A dart slug (D:4)
  41 orcs
  5 ball pythons
  4 bats
  4 endoplasms
  3 giant cockroaches
  16 goblins
  9 hobgoblins
  9 jackals
  11 kobolds
  2 quokkas
  7 frilled lizards
  A kobold zombie (Abyss:3)
  4 rats
  A bush (Abyss:3)
  5 tentacles
1614 creatures vanquished.

Vanquished Creatures (others)
  A deep elf knight (Elf:2)
  A wizard (D:11)
  3 deep elf zephyrmancers (Elf:1)
  A merfolk siren (Shoals:4)
  An iron imp (Abyss:3)
  2 demonic plants (Abyss:3)
  11 fungi
  A lurking horror (Abyss:1)
  128 plants
  11 tentacles
160 creatures vanquished.

Grand Total: 1774 creatures vanquished

Notes
Turn   | Place    | Note
-------+----------+-------------------------------------------
     0 | D:1      | sking99 the Troll Monk began the quest for the Orb.
     0 | D:1      | Reached XP level 1. HP: 22/22 MP: 0/0
   334 | D:1      | Reached XP level 2. HP: 29/29 MP: 1/1
   450 | D:1      | You fall into a shaft and drop 1 floor!
  1057 | D:2      | Reached XP level 3. HP: 34/36 MP: 2/2
  1110 | D:2      | You fall into a shaft and drop 2 floors!
  1146 | D:4      | Found a staircase to the Ecumenical Temple.
  1160 | D:4      | Reached skill level 4 in Unarmed Combat
  1195 | Temple   | Entered the Ecumenical Temple
  1411 | Temple   | Became a worshipper of the Wu Jian Council
  1411 | Temple   | Reached * piety under Wu Jian
  1411 | Temple   | Reached ** piety under Wu Jian
  1537 | D:3      | Noticed Terence
  1577 | D:2      | Reached XP level 4. HP: 36/45 MP: 3/3
  1578 | D:2      | Killed Terence
  1608 | D:3      | Reached skill level 5 in Unarmed Combat
  1608 | D:3      | Reached XP level 5. HP: 44/53 MP: 4/4
  1679 | D:3      | Noticed a black bear
  1684 | D:3      | Killed a black bear
  1685 | D:3      | Reached skill level 1 in Shields
  1923 | D:3      | Reached XP level 6. HP: 25/61 MP: 5/5
  1972 | D:3      | Noticed Ijyb
  1980 | D:3      | Killed Ijyb
  2062 | D:3      | Reached *** piety under Wu Jian
  2491 | D:3      | Noticed Robin
  2515 | D:3      | Killed Robin
  2683 | D:4      | Found Simuy's Serpentskin Sales.
  2683 | D:4      | Noticed a water moccasin
  2683 | D:4      | Noticed a water moccasin
  2694 | D:4      | Killed a water moccasin
  2695 | D:4      | Reached XP level 7. HP: 52/70 MP: 6/6
  2711 | D:4      | Reached skill level 6 in Unarmed Combat
  2768 | D:4      | Bought a +1 robe of poison resistance for 116 gold pieces
  2815 | D:4      | Reached **** piety under Wu Jian
  2938 | D:4      | Noticed Edmund
  2949 | D:4      | Killed Edmund
  3236 | D:4      | Noticed Eustachio
  3250 | D:4      | Killed Eustachio
  3251 | D:4      | Reached XP level 8. HP: 79/79 MP: 7/7
  3444 | D:5      | Entered Level 5 of the Dungeon
  3463 | D:5      | Reached skill level 5 in Fighting
  3463 | D:5      | Reached skill level 5 in Shields
  3526 | D:5      | Reached skill level 7 in Unarmed Combat
  3830 | D:5      | Found Xabaleypt's Antique Weapon Shoppe.
  4266 | D:6      | Noticed a troll
  4275 | D:6      | Reached XP level 9. HP: 61/88 MP: 8/8
  4281 | D:6      | Killed a troll
  4751 | D:7      | Reached skill level 8 in Unarmed Combat
  4784 | D:7      | Found a shadowy altar of Dithmenos.
  5052 | D:7      | Found a faded altar of an unknown god.
  5258 | D:8      | Found Zaalosen's Assorted Antiques.
  5435 | D:8      | Reached XP level 10. HP: 84/100 MP: 9/9
  5469 | D:8      | Found Imosh's Magic Scroll Boutique.
  5472 | D:8      | Bought a scroll of teleportation for 33 gold pieces
  5472 | D:8      | Bought a scroll of identify for 22 gold pieces
  5694 | D:8      | Found a glowing silver altar of Zin.
  5694 | D:8      | Found a white marble altar of Elyvilon.
  5695 | D:8      | Found a glowing golden altar of the Shining One.
  5886 | D:9      | Noticed a two-headed ogre
  5902 | D:9      | Killed a two-headed ogre
  5903 | D:9      | Reached skill level 9 in Unarmed Combat
  6048 | D:9      | Found a sacrificial altar of Ru.
  6059 | D:9      | Reached ***** piety under Wu Jian
  6148 | D:9      | Found a staircase to the Orcish Mines.
  6396 | D:10     | Entered Level 10 of the Dungeon
  6396 | D:10     | Found a sparkling altar of Nemelex Xobeh.
  6396 | D:10     | Found an ancient bone altar of Kikubaaqudgha.
  6601 | D:10     | Noticed Erolcha
  6625 | D:10     | Paralysed by something for 2 turns
  6629 | D:10     | Cast into level 1 of the Abyss (Erolcha)
  6668 | Abyss:1  | Noticed a dread lich
  6675 | Abyss:1  | Noticed an Executioner
  6680 | Abyss:1  | Noticed a reaper
  6741 | Abyss:1  | Noticed a smoke demon
  6750 | Abyss:1  | Killed a smoke demon
  6780 | Abyss:1  | Noticed a large abomination
  6817 | Abyss:2  | Found a corrupted altar of Lugonu.
  6885 | Abyss:2  | Noticed a thrashing horror
  6888 | Abyss:2  | Noticed a spatial maelstrom
  6905 | Abyss:2  | Noticed an orange demon
  6913 | Abyss:2  | Killed an orange demon
  6944 | Abyss:2  | Noticed a lich
  6950 | Abyss:2  | Killed a lich
  6951 | Abyss:2  | Reached XP level 11. HP: 13/111 MP: 10/10
  6970 | D:10     | Escaped the Abyss
  6977 | D:10     | Killed Erolcha
  6978 | D:10     | Reached skill level 10 in Shields
  7034 | D:10     | Found a runed translucent door.
  7035 | D:10     | Found a shimmering altar of Xom.
  7035 | D:10     | Noticed madmanarnold's ghost (journeyman FoFi)
  7037 | D:10     | Noticed a +0 mace of chaos
  7038 | D:10     | Reached skill level 10 in Unarmed Combat
  7078 | D:10     | Found a staircase to the Lair.
  7085 | D:10     | You fall into a shaft and drop 3 floors!
  7088 | D:13     | Noticed a tengu warrior
  7098 | D:13     | Noticed a white ugly thing
  7235 | D:13     | Noticed a tengu warrior
  7239 | D:13     | Killed a tengu warrior
  7244 | D:13     | Found a gate leading to a gauntlet.
  7247 | D:13     | Noticed a green ugly thing
  7250 | Gauntlet | Entered a Gauntlet
  7250 | Gauntlet | Found a transporter.
  7259 | Gauntlet | Found a transporter.
  7260 | Gauntlet | Noticed a sixfirhy
  7274 | Gauntlet | Found a transporter.
  7279 | Gauntlet | Found a transporter.
  7294 | Gauntlet | Found a transporter.
  7309 | Gauntlet | Noticed a wizard
  7313 | Gauntlet | Found a transporter.
  7317 | Gauntlet | Noticed a wizard
  7325 | Gauntlet | Found a transporter.
  7327 | Gauntlet | Noticed a dire elephant
  7331 | Gauntlet | Found a transporter.
  7342 | Gauntlet | Found a large runed translucent door.
  7343 | Gauntlet | Found a large runed translucent door.
  7344 | Gauntlet | Found a large runed translucent door.
  7344 | Gauntlet | Found a large runed translucent door.
  7345 | Gauntlet | Found a runed translucent gate.
  7346 | Gauntlet | Found a transporter.
  7346 | Gauntlet | Found a runed translucent gate.
  7347 | Gauntlet | Found a runed translucent gate.
  7347 | Gauntlet | Noticed an entropy weaver
  7348 | Gauntlet | Found a large runed translucent door.
  7348 | Gauntlet | Found a large runed translucent door.
  7348 | Gauntlet | Found a runed translucent door.
  7348 | Gauntlet | Found a runed translucent door.
  7349 | Gauntlet | Found a large runed translucent door.
  7350 | Gauntlet | Found a large runed translucent door.
  7352 | Gauntlet | Found a transporter.
  7357 | Gauntlet | Found a large runed translucent door.
  7357 | Gauntlet | Found a large runed translucent door.
  7358 | Gauntlet | Found a large runed translucent door.
  7359 | Gauntlet | Found a large runed translucent door.
  7367 | Gauntlet | Found a transporter.
  7369 | Gauntlet | Found a large runed translucent door.
  7369 | Gauntlet | Found a large runed translucent door.
  7369 | Gauntlet | Noticed a thrashing horror
  7370 | Gauntlet | Found a large runed translucent door.
  7371 | Gauntlet | Found a large runed translucent door.
  7373 | Gauntlet | Found a transporter.
  7388 | Gauntlet | Found a transporter.
  7403 | Gauntlet | Noticed a hell hog
  7405 | Gauntlet | Found a transporter.
  7425 | Gauntlet | Found a transporter.
  7425 | Gauntlet | Noticed a wizard
  7452 | Gauntlet | Found a transporter.
  7452 | Gauntlet | Found a transporter.
  7476 | Gauntlet | Found a transporter.
  7520 | Gauntlet | Identified the +5 arbalest "Ymasuogeok" {flame, rElec rF-
                  | rC- SInv}
  7564 | Gauntlet | Killed a sixfirhy
  7606 | Gauntlet | Killed a wizard
  7612 | Gauntlet | Killed a wizard
  7625 | Gauntlet | Identified the +2 hat of Paiptoseyr {Dex+2 Slay+3}
  7653 | Gauntlet | Noticed a minotaur
  7667 | Gauntlet | Killed a minotaur
  7776 | D:13     | Killed a white ugly thing
  7781 | D:13     | Killed a brown ugly thing
  7876 | D:13     | Reached XP level 12. HP: 122/122 MP: 11/11
  7885 | D:12     | Noticed Gastronok
  7951 | D:13     | Reached skill level 11 in Unarmed Combat
  8155 | D:13     | Killed a tengu warrior
  8197 | D:13     | Identified the amulet of Naosoc {Faith rF+ Str+2}
  8534 | D:12     | You fall into a shaft and drop 1 floor!
  8605 | D:11     | Reached skill level 12 in Unarmed Combat
  8633 | D:11     | Noticed a boulder beetle
  8676 | D:11     | Killed a boulder beetle
  8804 | D:11     | Noticed a two-headed ogre
  8901 | D:10     | Noticed a two-headed ogre
  8906 | D:10     | Found a runed translucent door.
  9331 | Lair:1   | Entered Level 1 of the Lair of Beasts
  9403 | Lair:1   | Reached XP level 13. HP: 128/133 MP: 12/12
  9456 | Lair:1   | Found a transporter.
  9533 | Lair:1   | Found a transporter.
  9605 | Lair:1   | Reached skill level 13 in Unarmed Combat
  9912 | Lair:2   | Reached skill level 10 in Fighting
 10195 | Lair:2   | Identified the +1 hand axe "Biri" {antimagic, rElec Str+3
                  | Dex-2}
 10230 | Lair:2   | Found a hole to the Spider Nest.
 10789 | Lair:3   | You fall into a shaft and drop 1 floor!
 10869 | Lair:4   | Reached skill level 14 in Unarmed Combat
 11273 | Lair:4   | Gained mutation: Your flesh is heat resistant. (rF+)
                  | [potion of mutation]
 11273 | Lair:4   | Gained mutation: Your spells are a little harder to cast,
                  | but a little more powerful. [potion of mutation]
 11273 | Lair:4   | Gained mutation: You occasionally shout uncontrollably at
                  | your foes. [potion of mutation]
 11273 | Lair:4   | Gained mutation: Your spells are harder to cast, but more
                  | powerful. [potion of mutation]
 11374 | Lair:4   | Found an ornate altar of the Wu Jian Council.
 11376 | Lair:4   | Found a hide-covered altar of Uskayaw.
 12073 | Lair:3   | Reached skill level 15 in Unarmed Combat
 12073 | Lair:3   | Reached XP level 14. HP: 131/146 MP: 13/13
 12194 | Lair:3   | Reached XP level 15. HP: 153/153 MP: 14/14
 12503 | Lair:3   | Found a staircase to the Shoals.
 13417 | Lair:5   | Found a staircase to the Slime Pits.
 13441 | Lair:5   | Found a viscous altar of Jiyva.
 14118 | Lair:6   | Entered Level 6 of the Lair of Beasts
 14118 | Lair:6   | Found a transporter.
 14150 | Lair:6   | Reached skill level 16 in Unarmed Combat
 14342 | Lair:6   | Found a transporter.
 14354 | Lair:6   | Noticed sking99's ghost (journeyman TrMo)
 15754 | D:11     | Reached skill level 17 in Unarmed Combat
 15781 | D:11     | Reached ****** piety under Wu Jian
 15782 | D:11     | Reached XP level 16. HP: 87/165 MP: 15/15
 15862 | D:11     | Identified the +2 fire dragon scales of Submission {rF++
                  | rC- Str+4 Stlth+}
 16299 | D:12     | Found a radiant altar of Vehumet.
 16679 | D:12     | Killed Gastronok
 17244 | D:14     | Found a gate to the Vaults.
 17719 | D:14     | Found a shadowy altar of Dithmenos.
 18030 | D:15     | Entered Level 15 of the Dungeon
 18298 | D:15     | Found a staircase to the Depths.
 18301 | D:15     | Reached skill level 18 in Unarmed Combat
 19150 | Orc:1    | Entered Level 1 of the Orcish Mines
 19349 | Orc:2    | Entered Level 2 of the Orcish Mines
 19397 | Orc:2    | Reached skill level 1 in Throwing
 19421 | Orc:2    | Reached XP level 17. HP: 175/176 MP: 16/16
 19476 | Orc:2    | Found a staircase to the Elven Halls.
 19575 | Orc:2    | Found Roho's Antique Armour Shop.
 19575 | Orc:2    | Found Togopa's Magic Scroll Emporium.
 19575 | Orc:2    | Found Utuwykun's Weapon Shoppe.
 19575 | Orc:2    | Found Rickoss's Jewellery Shop.
 20180 | Spider:1 | Entered Level 1 of the Spider Nest
 20475 | Spider:1 | Noticed Agnes
 20484 | Spider:1 | Killed Agnes
 21442 | Spider:2 | Reached skill level 5 in Throwing
 22072 | Spider:2 | Reached skill level 19 in Unarmed Combat
 22278 | Spider:3 | Noticed Aizul
 22295 | Spider:3 | Killed Aizul
 22638 | Spider:3 | Reached skill level 15 in Shields
 22646 | Spider:3 | Noticed Donald
 22658 | Spider:3 | Killed Donald
 23109 | Spider:4 | Entered Level 4 of the Spider Nest
 23134 | Spider:3 | Reached XP level 18. HP: 87/189 MP: 17/17
 23678 | Spider:4 | Noticed Arachne
 23686 | Spider:4 | Killed Arachne
 24725 | Spider:4 | Got a gossamer rune of Zot
 24994 | Orc:2    | Bought a ring of see invisible for 180 gold pieces
 25209 | Shoals:1 | Entered Level 1 of the Shoals
 25300 | Shoals:1 | Noticed Roxanne
 25336 | Shoals:1 | Found a frozen archway.
 25379 | IceCv    | Entered an ice cave
 25543 | IceCv    | Noticed an Ice Fiend
 25557 | IceCv    | Killed an Ice Fiend
 26051 | Shoals:1 | Killed Roxanne
 26061 | Shoals:1 | Learned a level 6 spell: Statue Form
 26229 | Shoals:1 | Found Immal's Incredible Inventory.
 26393 | Shoals:1 | Reached skill level 1 in Earth Magic
 26501 | Shoals:2 | Noticed Nikola
 26503 | Shoals:2 | Killed Nikola
 26503 | Shoals:2 | Reached skill level 1 in Transmutations
 26574 | Shoals:2 | Identified the +1 robe of Hadarph {rC+ Int+6}
 26665 | Shoals:2 | Noticed Ilsuiw
 26711 | Shoals:2 | Killed Ilsuiw
 26844 | Shoals:2 | Noticed Polyphemus
 26853 | Shoals:2 | Killed Polyphemus
 26854 | Shoals:2 | Reached skill level 20 in Unarmed Combat
 27003 | Shoals:2 | Reached XP level 19. HP: 142/200 MP: 18/18
 27415 | Shoals:3 | Reached skill level 15 in Fighting
 27973 | Shoals:4 | Entered Level 4 of the Shoals
 28069 | Shoals:4 | Got a barnacled rune of Zot
 28345 | Shoals:4 | Reached skill level 5 in Earth Magic
 28625 | Shoals:4 | Found the +8 demon trident "Rift" {distort, reach+}
 28784 | Shoals:4 | Identified the +1 mace of Freezing Action {vamp, +Blink
                  | Int+3}
 29167 | Elf:1    | Entered Level 1 of the Elven Halls
 29185 | Elf:1    | Found a radiant altar of Vehumet.
 29188 | Elf:1    | Paralysed by an air elemental for 1 turns
 29315 | Elf:1    | Found a flickering gateway to a bazaar.
 29324 | Bazaar   | Entered a bazaar
 29344 | Bazaar   | Found Teasob's Antique Weapon Emporium.
 29356 | Bazaar   | Found Siatheum's Antique Weapon Shoppe.
 29371 | Bazaar   | Found Yshrod's Antique Armour Shoppe.
 29383 | Bazaar   | Found Zeuj's Antique Armour Emporium.
 29406 | Bazaar   | Bought a twisted cloak for 171 gold pieces
 29406 | Bazaar   | Identified the +0 cloak of the Gate {rElec MP+9} (You
                  | bought it in a shop in a bazaar)
 29426 | Bazaar   | Bought a glowing tower shield for 165 gold pieces
 29592 | Elf:1    | Noticed Jorgrun
 29599 | Elf:1    | Killed Jorgrun
 29624 | Elf:1    | Reached skill level 5 in Transmutations
 30568 | Elf:2    | Reached XP level 20. HP: 182/203 MP: 19/19
 30636 | Elf:2    | Paralysed by an air elemental for 1 turns
 30775 | Elf:2    | Paralysed by an air elemental for 1 turns
 31034 | Elf:2    | Found a runed translucent gate.
 31034 | Elf:2    | Found a runed translucent gate.
 31034 | Elf:2    | Found a runed translucent gate.
 31170 | Elf:2    | Got the Compendium of the Rocks
 31969 | Depths:1 | Entered Level 1 of the Depths
 32000 | Vaults:1 | Entered Level 1 of the Vaults
 32153 | Vaults:1 | Reached skill level 21 in Unarmed Combat
 32292 | Vaults:1 | Reached skill level 1 in Armour
 33888 | Vaults:2 | Reached XP level 21. HP: 149/221 MP: 20/20
 34066 | Vaults:2 | Found Veapross's Book Boutique.
 34388 | Vaults:3 | Found a staircase to the Crypt.
 34690 | Vaults:3 | Reached skill level 5 in Armour
 35020 | Vaults:3 | Reached skill level 10 in Earth Magic
 35895 | Vaults:4 | Noticed Mara
 35914 | Vaults:4 | Killed Mara
 36365 | Vaults:4 | Cast into level 2 of the Abyss (a wizard)
 36399 | Abyss:2  | Gained mutation: You passively map a small area around you.
                  | [a neqoxec]
 36439 | Abyss:3  | Reached XP level 22. HP: 209/230 MP: 21/21
 36512 | Abyss:3  | Reached skill level 22 in Unarmed Combat
 36521 | Vaults:4 | Escaped the Abyss
 36944 | Vaults:4 | Noticed Xtahua
 36947 | Vaults:4 | Paralysed by Xtahua for 2 turns
 36955 | Vaults:4 | Killed Xtahua
 37350 | Vaults:5 | Entered Level 5 of the Vaults
 37382 | Vaults:5 | Noticed a dread lich
 37392 | Vaults:5 | Killed a dread lich
 37401 | Vaults:5 | HP: 10/231 [vault guard[a vault warden] (10)]
 37402 | Vaults:5 | HP: 4/231 [vault guard[a vault warden] (7)]
 37768 | Vaults:5 | Noticed a dread lich
 37771 | Vaults:5 | Noticed a golden dragon
 37771 | Vaults:5 | HP: 7/231 [orc knight (14)]
 37771 | Vaults:5 | Slain by a shadow dragon

Illustrated notes

Levels and vault maps discovered:
D:1:      psy_arrival_conway, layout_loops_cross
D:2:      layout_loops_cross
D:3:      kennysheep_goblin_castle, layout_loops_ring, uniq_terence, uniq_ijyb
D:4:      layout_loops_cross, minmay_temple_entry_stoned_glass,
          guppyfry_shop_venom, uniq_robin, uniq_edmund, uniq_eustachio
D:5:      layout_cave_pods, serial_shops, shop, hangedman_decor_opposing
D:6:      layout_basic
D:7:      layout_cave_pools, mainiacjoe_overflow_paths, serial_column_ruins,
          column_ruins_temple_circle, column_ruins_courtyard_long,
          column_ruins_corridor_corner, column_ruins_grid_1,
          column_ruins_grid_1, column_ruins_columns_plus, column_ruins_grid_1,
          column_ruins_open_medium_water, st_stairs_3
D:8:      layout_gridville, good_gods_temple_1, serial_shops,
          nicolae_stop_n_shop_1, nicolae_shop_behind_doors
D:9:      layout_roguey, nicolae_ru_great_annihilating_truth, orc_0_dummy
D:10:     layout_irregular_city, nicolae_overflow_hidden_temple,
          lair_entry_dummy, ebering_ghost_xom, kb_lookout_dungeons_type,
          minmay_st_funbox, uniq_erolcha
D:11:     nzn_winding_woodlands_large [nzn_winding_woodlands_5x5_checkerboard,
          nzn_winding_woodlands_5x15_eye, nzn_winding_woodlands_5x5_open_star,
          nzn_winding_woodlands_center_diamonds,
          nzn_winding_woodlands_15x15_five_gardens,
          nzn_winding_woodlands_center_garden, nzn_winding_woodlands_hourglass,
          nzn_winding_woodlands_5x15_concentric,
          nzn_winding_woodlands_5x5_cross], layout_rooms
D:12:     layout_roguey, fiery_altar_vehumet, uniq_gastronok
D:13:     minmay_twisted_water, layout_cave_pools, serial_glass,
          glass_columns_b, glass_columns_a, glass_columns_a, glass_columns_c,
          glass_columns_a, minmay_strange_pillars, feat_on_display,
          item_on_display_a, item_on_display_a, gauntlet_entry_generic,
          chequers_serial_rivers_large_a
D:14:     layout_layer_cave, lightli_vaults_fourway_checkpoint,
          small_statue_alley_a, grunt_dithmenos_smoke
D:15:     hangedman_depths_entry_try_elsewhere_first, layout_loops_cross,
          chequers_serial_rivers_room_b
Temple:   nicolae_temple_figure_eight
Lair:1:   gammafunk_worm_tunnel, layout_misc_corridors, lemuel_fruit_tree
Lair:2:   layout_roguey, nicolae_spider_entry_orb_guardian,
          minmay_lair_oklob_items, serial_bayou_shore_b
Lair:3:   layout_layer_cave, minmay_shoals_entry_lonely_mermaid,
          minmay_hedge_maze
Lair:4:   layout_regular_city, nzn_masters_of_martial_movement,
          grunt_megastairs_4
Lair:5:   layout_regular_city, slime_altar_1, lemuel_fruit_fields
Lair:6:   minmay_lair_end_enchanted_forest, layout_gridlike, nzn_ghost_randoct,
          serial_bayou_shore_a
Shoals:1: layout_shoals, portal_ice_cave_entry_frozen_things,
          nicolae_alphabet_shops, uniq_roxanne
Shoals:2: layout_shoals, uniq_nikola, uniq_ilsuiw, uniq_polyphemus
Shoals:3: layout_shoals
Shoals:4: shoals_end_simple, layout_shoals, nicolae_shoals_lost_giant_pillars,
          nicolae_shoals_hunting_party
Spider:1: layout_spider_delve, uniq_agnes
Spider:2: layout_spider_delve
Spider:3: layout_spider_delve, uniq_aizul, uniq_donald
Spider:4: spider_rune_water, uniq_arachne
Orc:1:    nicolae_orc_accident_2, layout_caves, uniq_nergalle
Orc:2:    st_orc_ogre_mass, layout_caves
Elf:1:    eino_elf_arrival_altar, layout_loops_corners, serial_shops,
          bzr_firewalk, hangedman_elven_crosses_minicolossus, uniq_jorgrun
Elf:2:    nicolae_elf_blades_splatter_lattice [nicolae_blade_little_rooms],
          layout_geoelf_diagonals, nicolae_elf_loose_elemental_storage
Vaults:1: nicolae_vaults_stairing_the_circle, nicolae_vaults_asterisk,
          nicolae_vaults_network_s, ontoclasm_vaults_loading_screen,
          ontoclasm_vaults_claustrophobia, grunt_vaults_focal,
          ontoclasm_vaults_decontamination, layout_vaults_ring
Vaults:2: st_check, v_misc_4, hangedman_vaults_stitches,
          nicolae_vaults_specimen_jars, hangedman_vaults_stagger,
          v_alt_pattern_6, v_misc_14, vaults_room_corners,
          nicolae_vaults_little_squares_4, layout_vaults_big_room, serial_shops,
          nicolae_shop_behind_doors
Vaults:3: v_rooms_6, vaults_standard_mumra_lines, v_misc_9,
          minmay_crypt_entry_simple_walls, vaults_room_door_hall,
          ontoclasm_vaults_idyll, v_misc_16, vaults_room_door_ring,
          st_octagons_2, v_misc_26, vaults_mumra_hexcomb,
          nicolae_vaults_little_squares_1, layout_vaults_big_cross
Vaults:4: vaults_room_door_hall, nicolae_vaults_angled_halls, v_misc_8,
          vaults_room_fours, v_misc_5, nicolae_vaults_asterisk,
          nicolae_vaults_branching_niches, vaults_mumra_chevron, v_pattern_5,
          nicolae_vaults_little_squares_3, grunt_vaults_hallway_short,
          nicolae_vaults_ring_of_whatevers, vaults_room_corners,
          layout_vaults_omnibox, uniq_xtahua, uniq_mara
Vaults:5
Depths:1: layout_basic, hellmouth_1, hex_intersection, corner_web_ring,
          evilmike_butchery, roderic_lattice_octagonal_star, firewood_loft,
          serial_bayou_shore_b

Skill      XL: |  1  2  3  4  5  6  7  8  9 10 11 12 13 14 15 16 17 18 19 20 21 22 |
---------------+-------------------------------------------------------------------+-----
Unarmed Combat | 4 5 6 7 8 9 10 12 15 17 18 19 20 21 22 | 22.4
Fighting       | 3 4 5 6 7 8 9 11 12 13 14 15 16 | 16.3
Shields        | 1 3 4 6 8 9 11 12 13 14 15 | 15.0
Throwing       | 2 6 9 |  9.0
Earth Magic    | 2 6 8 10 11 | 11.0
Transmutations | 2 5 7 9 |  9.4
Armour         | 3 6 8 |  8.4
Dodging        | 4 |  4.7
Stealth        | |  1.0

Action                   |  1- 3 |  4- 6 |  7- 9 | 10-12 | 13-15 | 16-18 | 19-21 | 22-24 || total
-------------------------+-------+-------+-------+-------+-------+-------+-------+-------++-------
Melee: Unarmed           |    98 |   165 |   308 |   525 |   886 |  1630 |  1523 |   361 ||  5496
       Punch             |     1 |     2 |       |       |       |       |       |       ||     3
Throw: Large rock        |       |       |       |       |       |     3 |     1 |       ||     4
Invok: Lunge             |     3 |    15 |    18 |    27 |    57 |   153 |   169 |    21 ||   463
       Whirlwind         |     1 |    14 |    18 |    83 |   168 |   237 |   199 |   119 ||   839
       Serpent's Lash    |       |       |     2 |     4 |     8 |     6 |     7 |     3 ||    30
       Heavenly Storm    |       |       |       |     1 |     1 |     2 |     4 |     2 ||    10
 Abil: Wall Jump         |       |     3 |     3 |       |       |     2 |     1 |       ||     9
Evoke: Wand              |       |       |       |       |    37 |       |       |       ||    37
  Use: Scroll            |     5 |       |       |    19 |     2 |     5 |     5 |     8 ||    44
       Potion            |       |       |       |     1 |     6 |     2 |     2 |     1 ||    12
 Stab: Sleeping          |     6 |     4 |     1 |     1 |     1 |       |       |       ||    13
       Paralysed         |       |       |       |     1 |       |       |       |       ||     1
       Petrified         |       |       |       |       |       |     3 |       |       ||     3
       Petrifying        |       |       |       |       |       |     2 |       |       ||     2
       Distracted        |       |       |       |       |       |       |     1 |     1 ||     2
Armor: Robe              |    31 |    38 |    21 |       |       |       |       |       ||    90
       Troll leather arm |       |       |    28 |    64 |   119 |     2 |       |       ||   213
       Fire dragon scale |       |       |       |       |       |   234 |   137 |    36 ||   407
Dodge: Dodged            |    29 |    30 |    30 |    66 |   173 |   218 |   198 |    73 ||   817
Block: Tower shield      |       |   122 |   271 |   552 |   879 |  1335 |  1096 |   273 ||  4528
       Reflection        |       |     2 |     1 |    29 |    15 |    22 |   114 |    24 ||   207
